 Dungeon Crawl Stone Soup version 0.30-a0-1112-gfb780f5df6 (webtiles) character file.

Game seed: 948245957924794798

6230 retardedninja the Magician (level 10, 0/76 HPs)
             Began as a Gnoll Fire Elementalist on Apr 19, 2023.
             Slain by a death yak (18 damage)
             ... on level 1 of the Lair of Beasts.
             The game lasted 00:18:30 (13891 turns).

retardedninja the Magician (GnFE)                  Turns: 13891, Time: 00:18:30

Health: 0/76       AC:  8    Str:  7    XL:     10   Next: 92%
Magic:  11/21      EV: 15    Int: 25    God:
Gold:   424        SH:  5    Dex: 13    Spells: 17/24 levels left

rFire   . . .      SeeInvis .      - Unarmed
rCold   . . .      Faith    .    (no shield)
rNeg    . . .      Spirit   .    a - +2 robe
rPois   +          Reflect  +    (no helmet)
rElec   .          Rampage  .    y - +1 cloak
rCorr   .                        E - +0 pair of gloves
Will    .....                    (no boots)
Stlth   +++                      r - amulet of reflection
HPRegen 0.32/turn                q - +6 ring of intelligence
MPRegen 0.17/turn                u - ring of poison resistance

@: no status effects
A: fangs 1, strong nose, distributed training
a: no special abilities


You were on level 1 of the Lair of Beasts.
You visited 3 branches of the dungeon, and saw 11 of its levels.

You collected 518 gold pieces.
You spent 94 gold pieces at shops.

Inventory:

Hand Weapons
 A - a +6 mace
Armour
 a - a +2 robe (worn)
 y - a +1 cloak (worn)
 E - a +0 pair of gloves (worn)
Jewellery
 g - a +4 ring of slaying
 q - a +6 ring of intelligence (left hand)
 r - an amulet of reflection (around neck)
 u - a ring of poison resistance (right hand)
 G - a ring of resist corrosion
Wands
 z - a wand of flame (23)
 D - a wand of charming (15)
Scrolls
 f - a scroll of teleportation
 i - a scroll of blinking
 m - a scroll of fear
 o - a scroll of amnesia
 s - a scroll of magic mapping
 K - a scroll of fog
Potions
 c - a potion of mutation
 d - 3 potions of haste
 e - 3 potions of flight
 h - 3 potions of cancellation
 j - a potion of berserk rage
 l - 2 potions of attraction
 p - 2 potions of lignification
 t - 3 potions of brilliance
 w - 2 potions of curing
 x - a potion of might


   Skills:
 + Level 5.9 Fighting
 + Level 5.9 Short Blades
 + Level 5.9 Long Blades
 + Level 5.9 Axes
 + Level 5.9 Maces & Flails
 + Level 5.9 Polearms
 + Level 5.9 Staves
 + Level 5.9 Ranged Weapons
 + Level 5.9 Throwing
 + Level 5.9 Armour
 + Level 7.6 Dodging
 + Level 7.3 Stealth
 + Level 5.9 Shields
 + Level 5.9 Unarmed Combat
 + Level 7.9 Spellcasting
 + Level 5.4 Conjurations
 + Level 4.9 Hexes
 + Level 4.9 Summonings
 + Level 4.9 Necromancy
 + Level 4.9 Translocations
 + Level 4.9 Transmutations
 + Level 7.4 Fire Magic
 + Level 4.9 Ice Magic
 + Level 4.9 Air Magic
 + Level 4.9 Earth Magic
 + Level 4.9 Poison Magic
 + Level 6.5 Invocations
 + Level 5.9 Evocations


You had 17 spell levels left.
You knew the following spells:

 Your Spells              Type           Power      Damage    Failure   Level
a - Foxfire               Conj/Fire      100%       2x1d9     1%          1
b - Scorch                Fire           94%        2d9       1%          2
c - Flame Wave            Conj/Fire      42%        2d11      4%          4

Your spell library contained the following spells:

 Spells                   Type           Power      Damage    Failure   Level
 Inner Flame              Hex/Fire       40%        N/A       1%          3
 Volatile Blastmotes      Fire/Tloc      80%        2d16      1%          3
 Gell's Gravitas          Tloc           34%        N/A       2%          3
 Teleport Other           Tloc           34%        N/A       2%          3
 Dispersal                Tloc           17%        N/A       77%         6


Dungeon Overview and Level Annotations

Branches:
Dungeon (9/15)             Temple (1/1) D:7            Lair (1/5) D:8
    Orc: D:9-12

Altars:
Ashenzari
Dithmenos
Elyvilon
Fedhas
Gozag
Hepliaklqana
Kikubaaqudgha
Makhleb
Nemelex Xobeh
Okawaru
Qazlal
Ru
Sif Muna
Trog
Uskayaw
Vehumet
Wu Jian
Xom
Yredelemnul
Zin
The Shining One

Shops:
D:5 *   D:6 :

Annotations:
D:7 2 transporters, NeonRainbow's ghost, novice TrFi


Innate Abilities, Weirdness & Mutations

You have very sharp teeth.
Your uncanny sense of smell can sniff out nearby items.
Your experience applies equally to all skills.


Message History

You kill the death yak!
The flame wave engulfs the death yak.
The death yak is lightly wounded. (Press . to intensify the flame waves.)
The death yak gores you!!
* * * LOW HITPOINT WARNING * * *
The death yak completely misses you.
Unknown command.
Unknown command.
You feel better. The death yak gores you!!
* * * LOW HITPOINT WARNING * * *
The death yak barely misses you.
Blink to where?
Press: ? - help, Q - select action, (/) - cycle Dir - move target
As you read the scroll of blinking, it crumbles to dust.
Your magical contamination has completely faded away.
The death yak bellows!
Aiming: Charm
Press: ? - help, Q - select action, (/) - cycle Shift-Dir - straight line, f - death yak
Aim: a death yak (chance to affect: 6%)
The death yak resists with almost no effort.
Unknown command.
Unknown command.
Aiming: Charm
Press: ? - help, Q - select action, (/) - cycle Shift-Dir - straight line, f/p - death yak
Aim: a death yak (chance to affect: 6%)
The death yak resists with almost no effort.
The death yak gores you but does no damage.
Unknown command.
Casting: Flame Wave (dangerous; 4% risk of failure)
Confirm with . or Enter, or press ? or * to list all spells.
Casting: Flame Wave (dangerous; 4% risk of failure)
Press: ? - help, Dir - look around, f - activate A wave of flame ripples out!
The flame wave engulfs the death yak but does no damage.
The flame wave engulfs the death yak.
The death yak is severely wounded. (Press . to intensify the flame waves.)
The death yak gores you!!
You die...

########### #.........#
#.##..##..## ##.######...#####
#...# ##......) ##..# #.##P###
#.#.## ###### # ####
###...####### #
######P.########@..........# #
...#............YY......##.# ####
.#.#.P#####.####.##..#.#...###.##
##.#.#######.#...##.#.........>..
#...............##.##...#.####..
#...............##.##......###..
##...####P######.##.###.#........
#....# ### #.##.# #..###.##..
#...## ##.##.##P.#..####..


You could see 2 death yaks.

Vanquished Creatures
  A death yak (Lair:1)
  A black mamba (Lair:1)
  A cane toad (Lair:1)
  A komodo dragon (Lair:1)
  3 blink frogs (Lair:1)
  2 wyverns
  6 yaks (D:9)
  3 humans (D:6)
  5 water moccasins
  3 black bears
  2 orc warriors
  2 ice beasts (D:6)
  An ogre (D:7)
  A centaur (D:5)
  A phantom (D:6)
  A gnoll sergeant (D:8)
  4 scorpions
  2 jellies
  3 orc priests
  7 hounds
  3 sleepcaps
  Ijyb (D:5)
  7 iguanas
  2 orc wizards
  3 gnolls (D:8)
  8 adders
  3 white imps
  An ufetubus (D:5)
  2 worms
  3 dart slugs
  27 orcs
  6 ball pythons
  8 bats
  7 endoplasms
  A giant cockroach (D:1)
  12 goblins
  11 hobgoblins
  2 jackals (D:3)
  4 quokkas
  3 frilled lizards
  10 kobolds
  4 rats
178 creatures vanquished.

Vanquished Creatures (collateral kills)
  8 foxfires (Lair:1)
8 creatures vanquished.

Vanquished Creatures (others)
  709 foxfires
  A fungus (Lair:1)
  2 plants (D:9)
712 creatures vanquished.

Grand Total: 898 creatures vanquished

Notes
Turn   | Place    | Note
-------+----------+-------------------------------------------
     0 | D:1      | retardedninja the Gnoll Fire Elementalist began the quest
                  | for the Orb.
     0 | D:1      | Reached XP level 1. HP: 13/13 MP: 6/6
   298 | D:1      | Reached XP level 2. HP: 19/19 MP: 3/7
  1054 | D:1      | Reached skill level 5 in Spellcasting
  1054 | D:1      | Reached XP level 3. HP: 16/25 MP: 4/9
  1207 | D:2      | HP: 1/25 [adder (2)]
  1209 | D:2      | Reached skill level 1 in Invocations
  1439 | D:2      | Found a glowing silver altar of Zin.
  1498 | D:2      | Reached skill level 1 in Fighting
  1498 | D:2      | Reached skill level 1 in Short Blades
  1498 | D:2      | Reached skill level 1 in Long Blades
  1498 | D:2      | Reached skill level 1 in Axes
  1498 | D:2      | Reached skill level 1 in Maces & Flails
  1498 | D:2      | Reached skill level 1 in Polearms
  1498 | D:2      | Reached skill level 1 in Staves
  1498 | D:2      | Reached skill level 1 in Ranged Weapons
  1498 | D:2      | Reached skill level 1 in Throwing
  1498 | D:2      | Reached skill level 1 in Armour
  1498 | D:2      | Reached skill level 1 in Shields
  1498 | D:2      | Reached skill level 1 in Unarmed Combat
  1498 | D:2      | Reached skill level 1 in Evocations
  2041 | D:2      | Reached XP level 4. HP: 32/32 MP: 8/11
  2472 | D:2      | Reached skill level 1 in Hexes
  2472 | D:2      | Reached skill level 1 in Summonings
  2472 | D:2      | Reached skill level 1 in Necromancy
  2472 | D:2      | Reached skill level 1 in Translocations
  2472 | D:2      | Reached skill level 1 in Transmutations
  2472 | D:2      | Reached skill level 1 in Ice Magic
  2472 | D:2      | Reached skill level 1 in Air Magic
  2472 | D:2      | Reached skill level 1 in Earth Magic
  2472 | D:2      | Reached skill level 1 in Poison Magic
  2900 | D:3      | Learned a level 2 spell: Scorch
  3421 | D:3      | Found a faded altar of an unknown god.
  3562 | D:3      | Reached XP level 5. HP: 37/37 MP: 7/12
  4053 | D:4      | Noticed a black bear
  4058 | D:4      | Killed a black bear
  4145 | D:4      | Reached XP level 6. HP: 39/44 MP: 5/13
  4166 | D:4      | Reached skill level 5 in Dodging
  4775 | D:4      | Noticed an orc warrior
  4784 | D:4      | Killed an orc warrior
  4785 | D:4      | Reached XP level 7. HP: 37/51 MP: 7/15
  5355 | D:5      | Entered Level 5 of the Dungeon
  5610 | D:5      | Reached skill level 5 in Stealth
  6269 | D:5      | Noticed Ijyb
  6308 | D:5      | Killed Ijyb
  6397 | D:5      | Found Wofai's Assorted Antiques.
  6502 | D:5      | Bought a pair of gloves for 94 gold pieces
  6555 | D:5      | Reached XP level 8. HP: 54/58 MP: 7/16
  7970 | D:6      | Reached XP level 9. HP: 65/65 MP: 14/18
  8088 | D:6      | Identified the +7 whip of the Lusting Gods {distort, rF+
                  | rN+ Stlth+}
  8260 | D:6      | Found Selol's Book Shoppe.
  8851 | D:7      | Found a hide-covered altar of Uskayaw.
  9364 | D:7      | Noticed a moth of wrath
  9366 | D:7      | Noticed NeonRainbow's ghost (novice TrFi)
  9468 | D:7      | Found a bloodstained altar of Trog.
  9553 | D:7      | Found a transporter.
  9558 | D:7      | Found a transporter.
  9602 | D:7      | Found a staircase to the Ecumenical Temple.
  9699 | D:7      | Learned a level 4 spell: Flame Wave
  9735 | D:8      | Found a staircase to the Lair.
  9750 | D:7      | Reached skill level 5 in Invocations
 10086 | D:8      | Identified the +0 robe of Midwinter {Will+ Dex+2}
 10494 | D:8      | Found a flagged portal.
 10603 | D:8      | Found a shimmering altar of Xom.
 10853 | D:8      | Found a stormy altar of Qazlal.
 11380 | Temple   | Entered the Ecumenical Temple
 11696 | D:9      | Reached skill level 5 in Fighting
 11696 | D:9      | Reached skill level 5 in Short Blades
 11696 | D:9      | Reached skill level 5 in Long Blades
 11696 | D:9      | Reached skill level 5 in Axes
 11696 | D:9      | Reached skill level 5 in Maces & Flails
 11696 | D:9      | Reached skill level 5 in Polearms
 11696 | D:9      | Reached skill level 5 in Staves
 11696 | D:9      | Reached skill level 5 in Ranged Weapons
 11696 | D:9      | Reached skill level 5 in Throwing
 11696 | D:9      | Reached skill level 5 in Armour
 11696 | D:9      | Reached skill level 5 in Shields
 11696 | D:9      | Reached skill level 5 in Unarmed Combat
 11696 | D:9      | Reached skill level 5 in Evocations
 11696 | D:9      | Reached XP level 10. HP: 74/74 MP: 13/20
 11744 | D:9      | Noticed a manticore
 12029 | Lair:1   | Entered Level 1 of the Lair of Beasts
 12173 | Lair:1   | Noticed a cane toad
 12180 | Lair:1   | Killed a cane toad
 12181 | Lair:1   | Reached skill level 5 in Conjurations
 13298 | Lair:1   | Noticed a death yak
 13307 | Lair:1   | Noticed a death yak
 13313 | Lair:1   | Noticed a death yak
 13650 | Lair:1   | Noticed a black mamba
 13666 | Lair:1   | Killed a black mamba
 13854 | Lair:1   | Killed a death yak
 13891 | Lair:1   | Slain by a death yak

Illustrated notes

Levels and vault maps discovered:
D:1:      dpeg_arrival_lava_temple_mockup, layout_basic
D:2:      layout_loops_corners, basic_altar
D:3:      minmay_thinvault, layout_loops_ring,
          shapermc_ecumenical_altar_mp_highgroup, roderic_malta_cross
D:4:      layout_basic, hex_intersection, guppyfry_early_orc_mine
D:5:      layout_basic, kennysheep_windowed_goal, uniq_ijyb
D:6:      layout_loops_ring, serial_shops, shop, minmay_ruffians
D:7:      layout_loops_ring, old_standard_altar, minmay_temple_entry_metal_lava,
          gammafunk_ghost_wrathful_warriors
D:8:      layout_layer_cave, mainiacjoe_overflow_tiny_flanked,
          mainiacjoe_overflow_alcove_1, lair_entry_dummy, enter_bailey_4,
          kennysheep_generic_room_14
D:9:      layout_long_grid, cheibriados_altar_1, serial_shops,
          nicolae_shop_behind_doors, serial_bayou, serial_bayou_pond_c,
          serial_bayou_lagoon_b, serial_bayou_ford_a, serial_bayou_crossing
Temple:   regret_index_temple_mists
Lair:1:   layout_loops_ring

Skill      XL: |  1  2  3  4  5  6  7  8  9 10 |
---------------+-------------------------------+-----
Conjurations   | 2 3 4 5 |  5.4
Spellcasting   | 5 6 7 |  7.9
Invocations    | 1 2 3 4 5 6 |  6.5
Fighting       | 1 2 3 5 |  5.9
Short Blades   | 1 2 3 5 |  5.9
Long Blades    | 1 2 3 5 |  5.9
Axes           | 1 2 3 5 |  5.9
Maces & Flails | 1 2 3 5 |  5.9
Polearms       | 1 2 3 5 |  5.9
Staves         | 1 2 3 5 |  5.9
Ranged Weapons | 1 2 3 5 |  5.9
Throwing       | 1 2 3 5 |  5.9
Armour         | 1 2 3 5 |  5.9
Shields        | 1 2 3 5 |  5.9
Unarmed Combat | 1 2 3 5 |  5.9
Evocations     | 1 2 3 5 |  5.9
Hexes          | 1 2 3 4 |  4.9
Summonings     | 1 2 3 4 |  4.9
Necromancy     | 1 2 3 4 |  4.9
Translocations | 1 2 3 4 |  4.9
Transmutations | 1 2 3 4 |  4.9
Ice Magic      | 1 2 3 4 |  4.9
Air Magic      | 1 2 3 4 |  4.9
Earth Magic    | 1 2 3 4 |  4.9
Poison Magic   | 1 2 3 4 |  4.9
Dodging        | 5 6 7 |  7.6
Stealth        | 5 6 7 |  7.3
Fire Magic     | 6 7 |  7.4

Action                     |  1- 3 |  4- 6 |  7- 9 | 10-12 || total
---------------------------+-------+-------+-------+-------++-------
  Melee: Unarmed           |     8 |       |       |       ||     8
         Bite              |     1 |       |       |       ||     1
         Mace              |       |       |    27 |       ||    27
   Cast: Foxfire           |    84 |   125 |   214 |    37 ||   460
         Scorch            |       |    10 |    70 |    26 ||   106
         Flame Wave        |       |       |     5 |    13 ||    18
  Evoke: Wand              |       |       |     2 |     6 ||     8
    Use: Scroll            |       |     8 |     7 |    15 ||    30
         Potion            |       |       |       |     9 ||     9
 Armour: Robe              |     6 |     4 |    66 |    17 ||    93
  Dodge: Dodged            |    25 |    34 |   164 |    57 ||   280
  Block: Other             |       |       |    12 |    17 ||    29
         Reflection        |       |       |     1 |       ||     1

Table legend: (Time is in decaauts)
 A = Elapsed time spent in this place.
 B = Non-inter-level travel time spent in this place.
 C = Inter-level travel time spent in this place.
 D = Time resting spent in this place.
 E = Time spent auto-exploring this place.
 F = Levels seen in this place.
 G = Mean time per level.
                   A        B        C        D        E       F      G
               +--------+--------+--------+--------+--------+-----+--------+
         Total |  13978 |  13589 |    389 |   2886 |   8880 |  11 | 1270.7 |
       Dungeon |  11816 |  11445 |    371 |   1881 |   8079 |   9 | 1312.9 |
        Temple |    300 |    282 |     18 |      0 |    183 |   1 |  300.0 |
          Lair |   1861 |   1861 |      0 |   1005 |    617 |   1 | 1861.0 |
               +--------+--------+--------+--------+--------+-----+--------+

Top non-repeatable levels by time:
  Lair:1: 1861 daAuts
     D:8: 1739 daAuts
     D:6: 1677 daAuts
     D:4: 1629 daAuts
     D:2: 1549 daAuts
     D:5: 1373 daAuts
     D:3: 1344 daAuts
     D:7: 1240 daAuts
     D:1: 1157 daAuts
  Temple: 300 daAuts
     D:9: 104 daAuts
